 Dungeon Sprint DCSS version 0.19.1 (webtiles) character file.

216785 equalderp2856 the Ninja (level 16, -41/91 HPs)
             Began as a Felid Fighter on Dec 18, 2016.
             Was the Champion of Dithmenos.
             Killed from afar by an orb of fire (45 damage)
             ... with a fireball
             ... in the Dungeon (Sprint IX: "|||||||||||||||||||||||||||||").
             The game lasted 01:12:22 (27755 turns).

equalderp2856 the Ninja (Felid Fighter)            Turns: 27755, Time: 01:12:22

Health: -41/91     AC:  3    Str: 14    XL:     16   Next: 56%
Magic:  48/48      EV: 43    Int: 13    God:    Dithmenos [******]
Gold:   1343       SH:  0    Dex: 17    Spells: 9 memorised, 54 levels left
                                        Lives:  0   Deaths: 5

rFire  + . .     SeeInvis +       - Unarmed
rCold  + . .     Gourm    .     (armour unavailable)
rNeg   . . .     Faith    .     (shield unavailable)
rPois  .         Spirit   .     (helmet unavailable)
rElec  .         Reflect  .     (cloak unavailable)
rCorr  .         Harm     .     (gloves unavailable)
MR     ++...     NoTele   +     (boots unavailable)
Stlth  ++++++++++               (no amulet)
                                t - ring of protection from fire
                                B - +4 ring of evasion

@: wreathed by umbra, repel missiles, quick
A: no armour, no weapons or thrown items, stealth, claws 1, fangs 3, see
invisible, carnivore 3, speed 1, shaggy fur 3, slow metabolism 1, sharp paws
a: Shadow Step, Shadow Form, Renounce Religion
}: 5/15 runes: decaying, serpentine, barnacled, silver, gossamer


You were in the Dungeon.
You worshipped Dithmenos.
Dithmenos was exalted by your worship.
You were not hungry.

You visited 1 branch You collected 1993 gold pieces.
You spent 650 gold pieces at shops.

Inventory:

Jewellery
 m - a +2 ring of evasion
 n - a +2 ring of protection
 t - a ring of protection from fire (right paw)
 u - an uncursed ring of ice
 v - an uncursed ring of poison resistance
 A - a +6 ring of strength
 B - a +4 ring of evasion (left paw)
 C - an uncursed ring of wizardry
 D - a +4 ring of protection
 E - an uncursed amulet of regeneration
 J - the ring of Kaow {rElec rC+ Int+2 Dex+3}
   (You found it in the Dungeon)

   [ring of dexterity]

   It affects your intelligence (+2).
   It affects your dexterity (+3).
   It protects you from cold.
   It insulates you from electricity.
 K - the amulet of Oporeoll {Gourm rF+ Int+4}
   (You found it in the Dungeon)

   [amulet of the gourmand]

   It allows you to eat raw meat even when not hungry.
   It affects your intelligence (+4).
   It protects you from fire.
 L - the ring "Maadyxu" {+Blink rF+ Int+5 Dex+3}
   (You found it in the Dungeon)

   [ring of protection from fire]

   It affects your intelligence (+5).
   It affects your dexterity (+3).
   It protects you from fire.
   It lets you blink.
 M - the ring of Pocosok {rC+ rN+ Int+6}
   (You found it in the Dungeon)

   [ring of protection from cold]

   It affects your intelligence (+6).
   It protects you from cold.
   It protects you from negative energy.
 N - the ring of Vinetrou {rPois rN+ Str+3 Int-2 Dex+3}
   (You found it in the Dungeon)

   [ring of dexterity]

   It affects your strength (+3).
   It affects your intelligence (-2).
   It affects your dexterity (+3).
   It protects you from poison.
   It protects you from negative energy.
Wands
 l - a wand of lightning (0/15)
 P - a wand of hasting (5/9)
Scrolls
 h - 3 scrolls of blinking
 j - 6 scrolls of remove curse
 k - 2 scrolls of amnesia
 p - 2 scrolls of identify
 q - 2 scrolls of fear
 y - 4 scrolls of recharging
 z - 6 scrolls of fog
 G - a scroll of magic mapping {unknown}
Potions
 a - a potion of might
 c - 2 potions of curing
 e - a potion of haste
 f - 5 potions of magic
 i - a potion of invisibility
 o - a potion of brilliance
 w - 3 potions of cure mutation
 x - a potion of agility
 F - a potion of resistance
 O - a potion of berserk rage
Books
 g - a book of Maledictions

   Spells                             Type                      Level
   a - Corona                         Hexes                        1
   b - Ensorcelled Hibernation        Hexes/Ice                    2
   c - Confuse                        Hexes                        3
   d - Tukima's Dance                 Hexes                        3
   e - Dazzling Spray                 Conjuration/Hexes            3
 r - a book of Cantrips

   Spells                             Type                      Level
   a - Confusing Touch                Hexes                        1
   b - Animate Skeleton               Necromancy                   1
   c - Summon Small Mammal            Summoning                    1
   d - Apportation                    Translocation                1
 s - a book of Minor Magic

   Spells                             Type                      Level
   a - Magic Dart                     Conjuration                  1
   b - Blink                          Translocation                2
   c - Call Imp                       Summoning                    2
   d - Repel Missiles                 Charms/Air                   2
   e - Slow                           Hexes                        2
   f - Conjure Flame                  Conjuration/Fire             3
   g - Mephitic Cloud                 Conjuration/Poison/Air       3
 I - Ymnuf's Volume of Twisted Companions
   (You found it in the Dungeon)

   Spells                             Type                      Level
   a - Blink                          Translocation                2
   b - Recall                         Summoning/Translocation      3
   c - Portal Projectile              Translocation                3
   d - Aura of Abjuration             Summoning                    5
   e - Summon Demon                   Summoning                    5
Comestibles
 b - 7 meat rations


   Skills:
 + Level 21.2 Fighting
 O Level 27 Dodging
 O Level 27 Stealth
 O Level 27 Unarmed Combat
 O Level 27 Spellcasting
 + Level 13.8 Conjurations
 O Level 27 Hexes
 + Level 9.1 Charms
 + Level 8.2 Necromancy
 + Level 24.2 Ice Magic
 + Level 5.3 Air Magic
 + Level 4.2 Evocations


You had 54 spell levels left.
You knew the following spells:

 Your Spells              Type           Power        Failure   Level  Hunger
a - Animate Skeleton      Necr           N/A          1%          1    None
b - Blink                 Tloc           N/A          3%          2    None
c - Confusing Touch       Hex            ######       0%          1    None
d - Repel Missiles        Chrm/Air       #####.       1%          2    None
e - Ensorcelled Hibernat  Hex/Ice        ######       0%          2    None
f - Confuse               Hex            ######..     0%          3    None
g - Corona                Hex            ######.      0%          1    None
h - Magic Dart            Conj           ####         0%          1    None
i - Slow                  Hex            ######..     0%          2    None


Dungeon Overview and Level Annotations

Branches:
Dungeon (1/1)

Altars:
Cheibriados
Dithmenos
Elyvilon
Fedhas
Gozag
Hepliaklqana
Kikubaaqudgha
Makhleb
Nemelex Xobeh
Okawaru
Qazlal
Ru
Sif Muna
Trog
Uskayaw
Vehumet
Xom
Yredelemnul
Zin
The Shining One
Beogh
Jiyva
Lugonu

Shops:
D =[=:


Innate Abilities, Weirdness & Mutations

You cannot wear armour.
You are incapable of wielding weapons or throwing items.
Your paws allow you to move quietly. (Stealth)
You have sharp claws.
You have razor-sharp teeth.
You have supernaturally acute eyesight. (SInv)
You are carnivorous and can eat meat at any time.
You cover ground quickly.
Your thick and shaggy fur keeps you warm. (AC +3, rC+)
You have a slow metabolism.
Your sharp claws are effective at attacking unaware monsters.


Message History

The orb of fire completely resists.
You miss the orb of fire.
The orb of fire is heavily damaged.
Your shadow hits the orb of fire but does no damage.
You claw the orb of fire!
The orb of fire is heavily damaged.
Unknown command.
You scratch the orb of fire but do no damage.
The orb of fire is heavily damaged.
The orb of fire glows bright magenta.
The bolt of fire misses you.
Unknown command.
You miss the orb of fire. You claw the orb of fire!
The orb of fire is severely damaged.
Your shadow misses the orb of fire. You miss the orb of fire.
The orb of fire is severely damaged.
The orb of fire emits a lurid red light.
The fireball explodes!
The fireball engulfs you! You resist.
You die...

▓▓▓▓▓▓▓▓▓▓▓▓▓▓▓▓▓▓▓▓▓▓▓▓▓▓▓
..'..........'§§@*§...'†*§+
▓▓▓▓▓▓▓▓▓▓▓▓▓▓▓▓▓▓▓▓▓▓▓▓▓▓▓▓▓▓▓▓▓
..)[.............................
▓▓▓▓▓▓▓▓▓▓▓▓▓▓▓▓▓▓▓▓▓▓▓▓▓▓▓▓▓▓▓▓▓
......'.......)....)).)))..')[)..
▓▓▓▓▓▓▓▓▓▓▓▓▓▓▓▓▓▓▓▓▓▓▓▓▓▓▓▓▓▓▓▓▓
)......)[.....[...)......[.......
▓▓▓▓▓▓▓▓▓▓▓▓▓▓▓▓▓▓▓▓▓▓▓▓▓▓▓▓▓▓▓▓▓
'............)))))))...[[[[[[[...


You could see an orb of fire.

Vanquished Creatures
  Mara (D)
  2 ancient liches (D)
  Sojobo (D)
  Boris (D)
  Frederick (D)
  Margery (D)
  A curse toe (D)
  Xtahua (D)
  A Killer Klown (D)
  Nikola (D)
  3 golden dragons (D)
  Jory (D)
  2 bone dragons (D)
  A lich (D)
  2 tentacled monstrosities (D)
  14 Orb Guardians (D)
  A titan (D)
  A quicksilver dragon (D)
  2 death cobs (D)
  A thorn hunter (D)
  A sphinx (D)
  2 tengu reavers (D)
  6 shadow dragons (D)
  4 storm dragons (D)
  Agnes (D)
  A draconian monk (D)
  Ilsuiw (D)
  9 nagarajas (D)
  A ghost moth (D)
  3 emperor scorpions (D)
  A draconian knight (D)
  Louise (D)
  3 draconian scorchers (D)
  A draconian zealot (D)
  4 frost giants (D)
  3 vault wardens (D)
  4 draconian callers (D)
  An entropy weaver (D)
  An ironheart preserver (D)
  2 very ugly things (D)
  Nessos (D)
  4 stone giants (D)
  4 green draconians (D)
  A deep elf demonologist (D)
  5 red draconians (D)
  A mottled draconian (D)
  3 white draconians (D)
  A spark wasp (D)
  2 yellow draconians (D)
  3 purple draconians (D)
  2 ettins (D)
  3 merfolk javelineers (D)
  3 fire dragons (D)
  5 merfolk impalers (D)
  A yaktaur captain (D)
  4 great orbs of eyes (D)
  A rakshasa (D)
  A spriggan air mage (D)
  25 vault guards (D)
  3 naga warriors (D)
  11 hydras (D)
  2 alligator snapping turtles (D)
  2 merfolk avatars (D)
  A catoblepas (D)
  4 ogre magi (D)
  4 ice dragons (D)
  2 centaur warriors (D)
  A merfolk aquamancer (D)
  3 death knights (D)
  A vampire mage (D)
  4 death yaks (D)
  2 spriggan berserkers (D)
  A deep troll earth mage (D)
  A shock serpent (D)
  An orc high priest (D)
  Nergalle (D)
  A deep elf knight (D)
  A shadow wraith (D)
  3 deep trolls (D)
  5 hell knights (D)
  3 iron trolls (D)
  3 unseen horrors (D)
  A naga ritualist (D)
  3 hill giants (D)
  A shambling mangrove (D)
  5 swamp dragons (D)
  A glowing orange brain (D)
  6 orc knights (D)
  A flayed ghost (D)
  5 ironbrand convokers (D)
  7 wolf spiders (D)
  A harpy (D)
  An ugly thing (D)
  A deep elf mage (D)
  4 moths of wrath (D)
  A salamander (D)
  3 cyclopes (D)
  2 naga magi (D)
  2 sirens (D)
  A guardian serpent (D)
  3 black mambas (D)
  4 vault sentinels (D)
  3 spiny frogs (D)
  A rime drake (D)
  3 yaktaurs (D)
  A freezing wraith (D)
  A komodo dragon (D)
  A yaktaur (shapeshifter) (D)
  A demonic crawler (D)
  A queen bee (shapeshifter) (D)
  2 trolls (D)
  A tyrant leech (D)
  2 merfolk (D)
  4 jumping spiders (D)
  4 hornets (D)
  3 slime creatures (D)
  A wind drake (D)
  A jumping spider (shapeshifter) (D)
  A bog body (D)
  A snapping turtle (D)
  A blink frog (D)
  A redback (shapeshifter) (D)
  2 tarantellas (D)
  A wraith (D)
  2 wyverns (D)
  2 redbacks (D)
  A hungry ghost (D)
  4 yaks (D)
  A mottled dragon (D)
  3 nagas (D)
  An insubstantial wisp (D)
  2 water moccasins (D)
  An ice beast (D)
  2 swamp drakes (D)
  A sky beast (D)
  4 orc warriors (D)
  An ogre (D)
  A boggart (D)
  A centaur (D)
  4 crocodiles (D)
  2 bullfrogs (D)
  2 scorpions (D)
  A crimson imp (D)
  6 orc priests (D)
  An iguana (D)
  5 orc wizards (D)
  A gnoll (D)
  A shadow imp (D)
  An adder skeleton (D)
  5 orcs (D)
  A bat skeleton (D)
  A bat zombie (D)
  A hobgoblin (D)
  A kobold (D)
  A frilled lizard (D)
  A giant cockroach zombie (D)
  2 rats (D)
  4 briar patches (D)
377 creatures vanquished.

Notes
Turn   | Place    | Note
-------+----------+-------------------------------------------
     0 | D        | equalderp2856 the Felid Fighter began the quest for the Orb.
     0 | D        | Reached XP level 1. HP: 10/10 MP: 2/2
   104 | D        | Noticed a scorpion
   104 | D        | Noticed an iguana
   104 | D        | Noticed an ogre
   113 | D        | Killed a scorpion
   113 | D        | Reached skill level 5 in Dodging
   113 | D        | Reached XP level 2. HP: 15/15 MP: 3/3
   113 | D        | Reached XP level 3. HP: 18/18 MP: 4/4
   116 | D        | Reached XP level 4. HP: 22/22 MP: 5/5
   128 | D        | Killed an ogre
   128 | D        | Reached skill level 5 in Fighting
   128 | D        | Reached XP level 5. HP: 24/26 MP: 6/6
   154 | D        | Found a roughly hewn altar of Beogh.
   154 | D        | Found a snail-covered altar of Cheibriados.
   154 | D        | Found a shadowy altar of Dithmenos.
   154 | D        | Found a white marble altar of Elyvilon.
   154 | D        | Found a blossoming altar of Fedhas.
   154 | D        | Found an opulent altar of Gozag.
   155 | D        | Found a hazy altar of Hepliaklqana.
   156 | D        | Found a viscous altar of Jiyva.
   157 | D        | Found an ancient bone altar of Kikubaaqudgha.
   158 | D        | Found a corrupted altar of Lugonu.
   159 | D        | Found a burning altar of Makhleb.
   160 | D        | Found a sparkling altar of Nemelex Xobeh.
   161 | D        | Found an iron altar of Okawaru.
   162 | D        | Found a stormy altar of Qazlal.
   163 | D        | Found a sacrificial altar of Ru.
   164 | D        | Found a deep blue altar of Sif Muna.
   165 | D        | Found a bloodstained altar of Trog.
   166 | D        | Found a hide-covered altar of Uskayaw.
   167 | D        | Found a radiant altar of Vehumet.
   259 | D        | Became a worshipper of Dithmenos the Shadowed
   269 | D        | Found a shimmering altar of Xom.
   270 | D        | Found a basalt altar of Yredelemnul.
   271 | D        | Found a glowing silver altar of Zin.
   272 | D        | Found a glowing golden altar of the Shining One.
   299 | D        | Noticed a hungry ghost
   299 | D        | Noticed an ice beast
   299 | D        | Noticed a wraith
   307 | D        | Reached skill level 10 in Unarmed Combat
   313 | D        | Killed a hungry ghost
   313 | D        | Reached * piety under Dithmenos
   313 | D        | Reached skill level 5 in Stealth
   313 | D        | Gained mutation: You are covered in thick fur. (AC +2) [Felid growth]
   313 | D        | Reached XP level 6. HP: 29/31 MP: 7/7
   404 | D        | Killed an ice beast
   404 | D        | Reached ** piety under Dithmenos
   424 | D        | Killed a wraith
   424 | D        | Reached XP level 7. HP: 26/34 MP: 8/8
   539 | D        | Noticed an unseen horror
   539 | D        | Noticed an unseen horror
   543 | D        | Killed an unseen horror
   543 | D        | Reached skill level 10 in Dodging
   543 | D        | Reached XP level 8. HP: 39/39 MP: 9/9
   558 | D        | Killed an unseen horror
   558 | D        | Reached *** piety under Dithmenos
   558 | D        | Reached skill level 10 in Stealth
   568 | D        | Reached skill level 15 in Unarmed Combat
   823 | D        | Noticed a black mamba
   823 | D        | Noticed a four-headed hydra
   823 | D        | Noticed a seven-headed hydra
   827 | D        | Killed a black mamba
   827 | D        | Reached **** piety under Dithmenos
   827 | D        | Reached XP level 9. HP: 43/43 MP: 10/10
   828 | D        | Noticed a rime drake
  1689 | D        | Killed a rime drake
  1689 | D        | Reached ***** piety under Dithmenos
  1760 | D        | Killed a seven-headed hydra
  1760 | D        | Reached skill level 1 in Evocations
  1818 | D        | Killed a four-headed hydra
  1818 | D        | Reached XP level 10. HP: 18/48 MP: 10/12
  2022 | D        | Noticed a seven-headed hydra
  2022 | D        | Noticed a spiny frog
  2051 | D        | Killed a seven-headed hydra
  2051 | D        | Reached skill level 15 in Stealth
  2057 | D        | Killed a spiny frog
  2088 | D        | Noticed a black mamba
  2092 | D        | Killed a black mamba
  2092 | D        | Reached ****** piety under Dithmenos
  2202 | D        | Noticed a death yak
  2202 | D        | Noticed a catoblepas
  2202 | D        | Noticed a death yak
  2203 | D        | Noticed a death yak
  2417 | D        | Killed a death yak
  2563 | D        | Noticed a death yak
  2579 | D        | Slain by a catoblepas
  2580 | D        | Reached XP level 9. HP: -4/44 MP: 12/12
  2633 | D        | Found Gevaec's Book Shoppe.
  2633 | D        | Noticed an iron troll
  2633 | D        | Noticed a hill giant
  2633 | D        | Noticed a troll
  2633 | D        | Noticed an iron troll
  2633 | D        | Noticed an iron troll
  2634 | D        | Noticed a hill giant
  2635 | D        | Killed an iron troll
  2635 | D        | Reached XP level 10. HP: 48/48 MP: 13/13
  2636 | D        | Found Witwal's Jewellery Emporium.
  2637 | D        | Killed an iron troll
  2638 | D        | Noticed a stone giant
  2640 | D        | Found Hoedgh's Armour Shoppe.
  2641 | D        | Killed a hill giant
  2642 | D        | Noticed a deep troll
  2643 | D        | Killed an iron troll
  2644 | D        | Found Mokhum's Jewellery Emporium.
  2649 | D        | Noticed a hill giant
  2927 | D        | Killed a hill giant
  2966 | D        | Killed a deep troll
  3220 | D        | Killed a hill giant
  3383 | D        | Killed a stone giant
  3383 | D        | Reached XP level 11. HP: 52/52 MP: 15/15
  3409 | D        | Noticed an ogre mage
  3410 | D        | Noticed an ogre mage
  3411 | D        | Noticed a deep troll
  3416 | D        | Killed an ogre mage
  3418 | D        | Killed an ogre mage
  3420 | D        | Killed a deep troll
  3423 | D        | Noticed an orc knight
  3423 | D        | Noticed an orc knight
  3424 | D        | Noticed a stone giant
  3427 | D        | Noticed an orc knight
  3428 | D        | Noticed an orc knight
  3713 | D        | Killed an orc knight
  3723 | D        | Killed an orc knight
  3764 | D        | Killed a stone giant
  3957 | D        | Killed an orc knight
  4065 | D        | Killed an orc knight
  4130 | D        | Noticed an orc high priest
  4147 | D        | Killed an orc high priest
  4544 | D        | Killed a death yak
  5059 | D        | Killed a death yak
  5059 | D        | Gained mutation: Your thick and shaggy fur keeps you warm. (AC +3, rC+) [Felid growth]
  5059 | D        | Reached XP level 12. HP: 56/56 MP: 16/16
  5065 | D        | Killed a death yak
  5467 | D        | Bought a book of Maledictions for 250 gold pieces
  5467 | D        | Bought a book of Cantrips for 200 gold pieces
  5467 | D        | Bought a book of Minor Magic for 200 gold pieces
  5525 | D        | Learned a level 1 spell: Animate Skeleton
  5528 | D        | Learned a level 2 spell: Blink
  5530 | D        | Learned a level 1 spell: Confusing Touch
  5533 | D        | Learned a level 2 spell: Repel Missiles
  5536 | D        | Learned a level 2 spell: Ensorcelled Hibernation
  5540 | D        | Learned a level 3 spell: Confuse
  5875 | D        | Killed a catoblepas
  5875 | D        | Reached skill level 15 in Dodging
  6428 | D        | Noticed a centaur warrior
  6432 | D        | Killed a centaur warrior
  6433 | D        | Noticed a rakshasa
  6435 | D        | Noticed an ice dragon
  6437 | D        | Noticed an ettin
  6439 | D        | Noticed a great orb of eyes
  6625 | D        | Killed an ice dragon
  6844 | D        | Killed a rakshasa
  7075 | D        | Killed an ettin
  7103 | D        | Killed a great orb of eyes
  7144 | D        | Noticed a frost giant
  7152 | D        | Killed a frost giant
  7173 | D        | Noticed a frost giant
  7578 | D        | Killed a frost giant
  7714 | D        | Noticed an alligator snapping turtle
  7716 | D        | Noticed an alligator snapping turtle
  7913 | D        | Killed an alligator snapping turtle
  7919 | D        | Reached XP level 13. HP: 31/59 MP: 14/17
  9076 | D        | Noticed a nagaraja
  9077 | D        | Reached skill level 1 in Charms
  9085 | D        | Reached skill level 1 in Spellcasting
  9089 | D        | Killed a nagaraja
  9089 | D        | Reached skill level 27 in Stealth
  9233 | D        | Noticed a thorn hunter
  9277 | D        | Killed a thorn hunter
  9500 | D        | Reached skill level 5 in Hexes
  9739 | D        | Noticed an entropy weaver
  9751 | D        | Killed an entropy weaver
  9751 | D        | Reached skill level 5 in Spellcasting
  9845 | D        | Noticed Nergalle
  9854 | D        | Killed Nergalle
  9866 | D        | Noticed an ettin
  9866 | D        | Noticed a frost giant
  9882 | D        | Killed an ettin
 10165 | D        | Killed a frost giant
 10168 | D        | Noticed a frost giant
 10303 | D        | Killed a frost giant
 10303 | D        | Reached skill level 10 in Hexes
 10393 | D        | Noticed a fire dragon
 10469 | D        | Killed a fire dragon
 10469 | D        | Reached XP level 14. HP: 61/64 MP: 23/25
 10486 | D        | Learned a level 1 spell: Corona
 10488 | D        | Learned a level 1 spell: Magic Dart
 10491 | D        | Learned a level 2 spell: Slow
 10995 | D        | Mangled by a spark wasp
 10996 | D        | Reached XP level 13. HP: -6/60 MP: 25/25
 11111 | D        | Killed a spark wasp
 11176 | D        | Noticed a fire dragon
 11178 | D        | a fire dragon changed into a slime creature
 11219 | D        | Noticed a vault warden
 11219 | D        | Noticed a fire dragon
 12241 | D        | Killed a vault warden
 12307 | D        | Killed a fire dragon
 12626 | D        | Noticed a vault warden
 12952 | D        | Killed a vault warden
 13050 | D        | Reached skill level 1 in Conjurations
 13112 | D        | Noticed Nessos
 13119 | D        | Killed Nessos
 13120 | D        | Noticed Frederick
 13127 | D        | Killed Frederick
 13127 | D        | Reached XP level 14. HP: 65/65 MP: 28/28
 13130 | D        | Noticed Louise
 13132 | D        | Noticed Margery
 13151 | D        | Killed Louise
 13252 | D        | Killed Margery
 13252 | D        | Reached skill level 10 in Fighting
 13252 | D        | Reached skill level 10 in Spellcasting
 13449 | D        | Reached skill level 27 in Unarmed Combat
 13449 | D        | Reached skill level 15 in Hexes
 13870 | D        | Noticed Agnes
 13877 | D        | Killed Agnes
 14492 | D        | Reached skill level 5 in Conjurations
 14562 | D        | Reached skill level 1 in Ice Magic
 14779 | D        | Got a decaying rune of Zot
 14786 | D        | Noticed a nagaraja
 14786 | D        | Noticed a nagaraja
 14786 | D        | Noticed a nagaraja
 14786 | D        | Noticed a nagaraja
 14790 | D        | Noticed a nagaraja
 14828 | D        | Killed a nagaraja
 15115 | D        | Killed a nagaraja
 15232 | D        | Killed a nagaraja
 15247 | D        | Noticed a nagaraja
 15486 | D        | Killed a nagaraja
 15486 | D        | Reached skill level 1 in Necromancy
 15656 | D        | Killed a nagaraja
 15681 | D        | Killed a nagaraja
 15681 | D        | Reached skill level 5 in Ice Magic
 15683 | D        | Noticed a nagaraja
 15695 | D        | Killed a nagaraja
 15818 | D        | Noticed a nagaraja
 15830 | D        | Killed a nagaraja
 15830 | D        | Reached XP level 15. HP: 63/70 MP: 34/34
 15835 | D        | Got a serpentine rune of Zot
 15905 | D        | Noticed Ilsuiw
 15912 | D        | Reached skill level 15 in Spellcasting
 16042 | D        | Killed Ilsuiw
 16411 | D        | Got a barnacled rune of Zot
 16466 | D        | Noticed a ghost moth
 16765 | D        | Killed a ghost moth
 16925 | D        | Got a gossamer rune of Zot
 17001 | D        | Noticed Jory
 17028 | D        | Slain by Jory
 17029 | D        | Reached XP level 14. HP: -5/66 MP: 36/36
 17160 | D        | Killed Jory
 18328 | D        | Reached skill level 10 in Ice Magic
 18328 | D        | Reached XP level 15. HP: 70/70 MP: 38/38
 18723 | D        | Noticed an ancient lich
 18759 | D        | Noticed a Hell Sentinel
 18765 | D        | Noticed a Hell Sentinel
 18766 | D        | Noticed a Hell Sentinel
 18923 | D        | Killed an ancient lich
 19285 | D        | Noticed a shadow dragon
 19307 | D        | Killed a shadow dragon
 19310 | D        | Noticed a sphinx
 19315 | D        | Killed a sphinx
 19315 | D        | Reached skill level 27 in Hexes
 19465 | D        | Noticed a shadow dragon
 19476 | D        | Killed a shadow dragon
 19484 | D        | Noticed a shadow dragon
 19484 | D        | Noticed a golden dragon
 19484 | D        | Noticed a vault warden
 19484 | D        | Noticed a shadow dragon
 19485 | D        | Noticed a titan
 19487 | D        | Noticed a shadow dragon
 19488 | D        | Killed a shadow dragon
 19489 | D        | Noticed a lich
 19490 | D        | Killed a golden dragon
 19494 | D        | Killed a vault warden
 19495 | D        | Identified Ymnuf's Volume of Twisted Companions
 19499 | D        | Killed a shadow dragon
 19792 | D        | Killed a titan
 19799 | D        | Killed a shadow dragon
 19828 | D        | Killed a lich
 19828 | D        | Reached XP level 16. HP: 67/75 MP: 43/43
 19844 | D        | Got a silver rune of Zot
 19884 | D        | Noticed Nikola
 19887 | D        | Noticed Xtahua
 19891 | D        | Killed Nikola
 19895 | D        | Killed Xtahua
 19909 | D        | Noticed a tengu reaver
 19910 | D        | Noticed Sojobo
 19911 | D        | Noticed a tengu reaver
 19921 | D        | Killed a tengu reaver
 20114 | D        | Killed a tengu reaver
 20834 | D        | Killed Sojobo
 20834 | D        | Reached skill level 15 in Ice Magic
 21294 | D        | Got the ring of Kaow {rElec rC+ Int+2 Dex+3}
 21296 | D        | Got the amulet of Oporeoll {Gourm rF+ Int+4}
 21298 | D        | Got the ring "Maadyxu" {+Blink rF+ Int+5 Dex+3}
 21300 | D        | Got the ring of Pocosok {rC+ rN+ Int+6}
 21302 | D        | Got the ring of Vinetrou {rPois rN+ Str+3 Int-2 Dex+3}
 21374 | D        | Noticed Mara
 21381 | D        | Killed Mara
 21409 | D        | Noticed Boris
 21428 | D        | Killed Boris
 21965 | D        | Noticed an Ice Fiend
 22391 | D        | Noticed a golden dragon
 22391 | D        | Noticed a bone dragon
 22391 | D        | Noticed a storm dragon
 22391 | D        | Noticed a golden dragon
 22395 | D        | Killed a bone dragon
 22553 | D        | Killed a golden dragon
 22721 | D        | Killed a storm dragon
 22790 | D        | Killed a golden dragon
 23232 | D        | Noticed a bone dragon
 23241 | D        | Killed a bone dragon
 23241 | D        | Reached XP level 17. HP: 40/79 MP: 48/48
 23815 | D        | Noticed a tentacled monstrosity
 23817 | D        | Reached skill level 27 in Dodging
 23819 | D        | Reached skill level 27 in Spellcasting
 23819 | D        | Reached skill level 1 in Air Magic
 23835 | D        | Killed a tentacled monstrosity
 23840 | D        | Reached skill level 5 in Necromancy
 24001 | D        | Noticed a quicksilver dragon
 24003 | D        | Reached skill level 5 in Charms
 24005 | D        | Killed a quicksilver dragon
 24268 | D        | Noticed a tentacled monstrosity
 24439 | D        | Reached skill level 15 in Fighting
 24871 | D        | Killed a tentacled monstrosity
 25970 | D        | Noticed an Orb Guardian
 25970 | D        | Noticed an Orb Guardian
 25970 | D        | Noticed an Orb Guardian
 25970 | D        | Noticed an Orb Guardian
 25970 | D        | Noticed an Orb Guardian
 25970 | D        | Noticed an Orb Guardian
 25971 | D        | Noticed an Orb Guardian
 25972 | D        | Killed an Orb Guardian
 25973 | D        | Noticed an Orb Guardian
 25974 | D        | Killed an Orb Guardian
 25975 | D        | Noticed an Orb Guardian
 25976 | D        | Killed an Orb Guardian
 25977 | D        | Noticed an Orb Guardian
 25978 | D        | Killed an Orb Guardian
 25980 | D        | Killed an Orb Guardian
 25980 | D        | Reached skill level 10 in Conjurations
 25998 | D        | HP: 4/89 [Orb Guardian (29)]
 25999 | D        | Slain by an Orb Guardian
 26000 | D        | Reached XP level 16. HP: -5/85 MP: 48/48
 26013 | D        | Killed an Orb Guardian
 26322 | D        | Killed an Orb Guardian
 26322 | D        | Reached XP level 17. HP: 39/90 MP: 49/49
 26548 | D        | Killed an Orb Guardian
 26550 | D        | Killed an Orb Guardian
 26552 | D        | Killed an Orb Guardian
 26662 | D        | Noticed a curse toe
 26662 | D        | Noticed a Killer Klown
 26662 | D        | Noticed an Orb Guardian
 26662 | D        | Noticed an Orb Guardian
 26663 | D        | Noticed an Orb Guardian
 26664 | D        | Killed a curse toe
 26665 | D        | Noticed an Orb Guardian
 26666 | D        | Killed a Killer Klown
 26969 | D        | Killed an Orb Guardian
 26986 | D        | Killed an Orb Guardian
 27069 | D        | Killed an Orb Guardian
 27069 | D        | Reached skill level 5 in Air Magic
 27092 | D        | Killed an Orb Guardian
 27352 | D        | Noticed an ancient lich
 27362 | D        | Killed an ancient lich
 27538 | D        | Noticed an orb of fire
 27544 | D        | Killed from afar by an orb of fire
 27545 | D        | Reached XP level 16. HP: -50/91 MP: 48/48
 27750 | D        | HP: 3/91 [orb of fire/fireball (44)]
 27755 | D        | Killed from afar by an orb of fire

Skill      XL: |  1  2  3  4  5  6  7  8  9 10 11 12 13 14 15 16 17 |
---------------+----------------------------------------------------+-----
Fighting       | 4 5 6 7 8 9 11 12 21 | 21.2
Dodging        | 5 6 7 8 9 10 11 12 14 15 18 19 21 26 27 | 27.0
Unarmed Combat | 6 7 9 11 12 13 15 16 19 20 22 26 27 | 27.0
Stealth        | 5 7 9 11 14 19 22 26 27 | 27.0
Evocations     | 1 4 |  4.2
Charms         | 3 9 |  9.1
Spellcasting   | 9 18 22 26 27 | 27.0
Hexes          | 14 24 27 | 27.0
Conjurations   | 2 5 13 | 13.8
Ice Magic      | 10 14 17 24 | 24.2
Necromancy     | 3 4 8 |  8.2
Air Magic      | 5 |  5.3

Action                   |  1- 3 |  4- 6 |  7- 9 | 10-12 | 13-15 | 16-18 || total
-------------------------+-------+-------+-------+-------+-------+-------++-------
Melee: Unarmed           |    20 |    47 |    73 |   295 |   714 |   438 ||  1587
       Bite              |     1 |     3 |     8 |    42 |    87 |    57 ||   198
       Punch             |       |     4 |     4 |    37 |    78 |    64 ||   187
 Cast: Repel Missiles    |       |       |       |     1 |     1 |     2 ||     4
       Magic Dart        |       |       |       |       |    14 |    17 ||    31
       Confusing Touch   |       |       |       |       |     2 |    11 ||    13
       Ensorcelled Hiber |       |       |       |       |   113 |    12 ||   125
       Animate Skeleton  |       |       |       |       |     4 |     1 ||     5
       Confuse           |       |       |       |       |       |     4 ||     4
Evoke: Wand              |       |       |     7 |       |       |       ||     7
  Use: Potion            |       |       |     2 |     2 |    18 |    10 ||    32
       Scroll            |       |       |       |     1 |       |     1 ||     2
 Stab: Distracted        |       |     1 |       |    11 |    24 |     6 ||    42
       Sleeping          |       |       |     6 |    21 |    69 |    26 ||   122
       Confused          |       |       |       |       |       |     6 ||     6
  Eat: Chunk             |       |       |     4 |       |       |       ||     4
       Meat ration       |       |       |       |     1 |     4 |     1 ||     6
Armor: Skin              |       |     1 |     4 |     3 |     6 |     7 ||    21
Dodge: Dodged            |    12 |    33 |    74 |   152 |   406 |   375 ||  1052
       Deflected         |       |       |       |       |     6 |       ||     6
